 Dungeon Crawl Stone Soup version 0.21.1-1-g345015fe64 (webtiles) character file.

105 Knicklaso the Cutter (level 5, 0/35 HPs)
             Began as a Halfling Fighter on Apr 5, 2018.
             Was a Follower of Wu Jian.
             Killed by nerve-wracking pain
             ... invoked by an orc priest
              (4 damage)
             ... on level 3 of the Dungeon.
             The game lasted 00:06:40 (1983 turns).

Knicklaso the Cutter (Halfling Fighter)             Turns: 1983, Time: 00:06:40

Health: 0/35       AC:  7    Str: 18    XL:     5   Next: 8%
Magic:  5/5        EV:  9    Int:  6    God:    Wu Jian [*.....]
Gold:   188        SH: 10    Dex: 14    Spells: 4/4 levels left

rFire    . . .     SeeInvis .   a - +0 rapier
rCold    . . .     Gourm    .   c - +0 shield
rNeg     . . .     Faith    .   b - +0 scale mail
rPois    .         Spirit   .   (no helmet)
rElec    .         Reflect  .   (no cloak)
rCorr    .         Harm     .   (no gloves)
MR       .....                  (no boots)
Stlth    ..........             (no amulet)
HPRegen  0.11/turn              (no ring)
MPRegen  0.09/turn              (no ring)

@: no status effects
A: small, mutation resistance 1
a: Renounce Religion


You were on level 3 of the Dungeon.
You worshipped Wu Jian.
Wu Jian was aware of your devotion.
You were not hungry.

You visited 1 branch of the dungeon, and saw 3 of its levels.

You collected 188 gold pieces.

Inventory:

Hand Weapons
 a - a +0 rapier (weapon)
 k - a +0 short sword
 m - a +3 mace
Missiles
 r - 44 stones (quivered)
Armour
 b - a +0 scale mail (worn)
 c - a +0 shield (worn)
Jewellery
 e - an uncursed ring of positive energy {unknown}
 s - a +4 amulet of reflection {unknown}
Scrolls
 h - a scroll of magic mapping {unknown}
 j - a scroll of amnesia {unknown}
 l - 3 scrolls of remove curse {unknown}
 o - 2 scrolls of teleportation {unknown}
 p - 2 scrolls of fear {unknown}
 t - a scroll of enchant armour {unknown}
 v - 2 scrolls of identify {unknown}
 y - a scroll of enchant weapon {unknown}
Potions
 d - a potion of might
 g - 2 potions of haste {unknown}
 i - a potion of lignification {unknown}
 n - a potion of curing {unknown}
 u - a potion of ambrosia {unknown}
 w - a potion of resistance {unknown}
 x - 2 potions of agility {unknown}
 z - a potion of degeneration {unknown}
 A - a potion of heal wounds {unknown}
Comestibles
 f - 7 rations
 q - 3 chunks of flesh


   Skills:
 - Level 2.6 Fighting
 * Level 4.5 Short Blades
 + Level 4.0 Armour
 + Level 4.1 Shields


You had 4 spell levels left.
You didn't know any spells.

Dungeon Overview and Level Annotations

Branches:
Dungeon (3/15)

Altars:
Wu Jian


Innate Abilities, Weirdness & Mutations

You are small and have problems with some larger weapons.
You are somewhat resistant to further mutation.


Message History

You closely miss the orc priest. The orc priest hits you.
You hit the orc priest but do no damage.
The orc priest hits you.
You hit the orc priest.
The orc priest is moderately wounded.
The orc priest hits you but does no damage.
You hit the orc priest.
The orc priest is moderately wounded.
The orc priest calls down the wrath of Beogh upon you.
Pain shoots through your body!
You hit the orc priest but do no damage.
The orc priest is moderately wounded.
The orc priest calls down the wrath of Beogh upon you.
Pain shoots through your body!
* * * LOW HITPOINT WARNING * * *
You puncture the orc priest!
The orc priest is almost dead.
The orc priest invokes the aid of Beogh against you.
Pain shoots through your body!
You die...

##.#.#...
########.##..#'###
.#.#.#....
##.....##..#.......
.#.#.#....)
#......'...........
.#.#.#.....#
#......###...#.....
.#.#.#)....####......#
##..#..... ##.#..
#.....#### #.>#..... #
#.....# ...#.....
#.....#### ....#.....
###o@....+.....##....
#....#######.....######
+.... #.... #..!.
...... #######


You could see an orc priest.

Vanquished Creatures
  A hound zombie (D:3)
  2 adders (D:2)
  An ooze (D:1)
  2 worms (D:2)
  A dart slug (D:3)
  4 bats
  13 giant cockroaches
  4 goblins
  4 hobgoblins
  9 jackals
  A ball python (D:3)
  3 frilled lizards (D:3)
  6 kobolds
  4 rats
55 creatures vanquished.

Notes
Turn   | Place    | Note
-------+----------+-------------------------------------------
     0 | D:1      | Knicklaso the Halfling Fighter began the quest for the Orb.
     0 | D:1      | Reached XP level 1. HP: 15/15 MP: 1/1
   123 | D:1      | Reached XP level 2. HP: 20/20 MP: 2/2
   402 | D:1      | Reached XP level 3. HP: 24/25 MP: 3/3
  1138 | D:2      | Found an ornate altar of the Wu Jian Council.
  1151 | D:2      | Became a worshipper of the Wu Jian Council
  1366 | D:2      | Reached XP level 4. HP: 26/30 MP: 4/4
  1855 | D:3      | Reached * piety under Wu Jian
  1855 | D:3      | Reached XP level 5. HP: 31/35 MP: 5/5
  1983 | D:3      | Killed from afar by an orc priest

Skill      XL: |  1  2  3  4 |
---------------+-------------+-----
Short Blades   | 3 4 |  4.5
Shields        | 4 |  4.1
Armour         | 4 |  4.0
Fighting       | |  2.6

Action                   |  1- 3 |  4- 6 || total
-------------------------+-------+-------++-------
Melee: Rapier            |   115 |   108 ||   223
Throw: Stone             |     1 |       ||     1
Invok: Lunge             |     1 |    10 ||    11
  Eat: Chunk             |     2 |     2 ||     4
Armor: Scale mail        |    51 |    44 ||    95
Dodge: Dodged            |    32 |    27 ||    59
Block: Shield            |    57 |    45 ||   102
